 Dungeon Crawl Stone Soup version 0.21.0 (console) character file.

2568 hilaritas the Cleaver (level 9, -7/68 HPs)
             Began as a Mummy Fighter on Jan 6, 2018.
             Was a Believer of Okawaru.
             Killed by divine providence
             ... invoked by an orc priest
              (11 damage)
             ... on level 7 of the Dungeon.
             The game lasted 00:16:49 (7775 turns).

hilaritas the Cleaver (Mummy Fighter)               Turns: 7775, Time: 00:16:50

Health: -7/68      AC: 12    Str: 23    XL:     9   Next: 31%
Magic:  9/10       EV: 10    Int:  7    God:    Okawaru [**....]
Gold:   252        SH:  0    Dex: 11    Spells: 8/8 levels left

rFire    . . .     SeeInvis .   b - +0 battleaxe
rCold    + . .     Gourm    .   (shield currently unavailable)
rNeg     + + +     Faith    .   o - +0 chain mail
rPois    ∞         Spirit   .   (no helmet)
rElec    .         Reflect  .   (no cloak)
rCorr    .         Harm     .   (no gloves)
MR       +....                  g - +0 pair of boots
Stlth    ..........             (no amulet)
HPRegen  0.21/turn              k - ring of protection from fire
MPRegen  0.12/turn              (no ring)

@: heroism
A: no food or potions, fire vulnerability, cold resistance 1, negative energy
resistance 3, torment resistance, unbreathing
a: Heroism, Renounce Religion


You were on level 7 of the Dungeon.
You worshipped Okawaru.
Okawaru was pleased with you.
You were not hungry.

You visited 1 branch of the dungeon, and saw 7 of its levels.
You also visited: Ossuary.

You collected 252 gold pieces.

Inventory:

Hand Weapons
 a - a +1 war axe
 b - a +0 battleaxe (weapon)
 c - a +0 whip of venom
Armour
 g - a +0 pair of boots (worn)
 o - a +0 chain mail (worn)
Jewellery
 e - an uncursed amulet of harm
 k - a ring of protection from fire (left hand)
Wands
 h - a wand of acid (8)
 j - a wand of paralysis (20)
Scrolls
 d - 5 scrolls of remove curse
 f - a scroll of fog
 i - a scroll of magic mapping
 l - 2 scrolls of teleportation
 m - 5 scrolls of identify
 n - 2 scrolls of enchant weapon
Books
 p - a book of Necromancy

   Spells                             Type                      Level
   a - Pain                           Necromancy                   1
   b - Animate Skeleton               Necromancy                   1
   c - Vampiric Draining              Necromancy                   3
   d - Regeneration                   Charms/Necromancy            3
   e - Animate Dead                   Necromancy                   4
   f - Borgnjor's Vile Clutch         Necromancy/Earth             5


   Skills:
 + Level 5.3(10.3) Fighting
 * Level 9.2(14.2) Axes
 - Level 2.4(7.4) Armour
   Level 4.0(9.0) Shields
 * Level 2.4 Invocations


You had 8 spell levels left.
You didn't know any spells.

Dungeon Overview and Level Annotations

Branches:
Dungeon (7/15)             Temple (0/1) D:6

Altars:
Ashenzari
Dithmenos
Kikubaaqudgha
Makhleb
Okawaru
Trog
Vehumet
Yredelemnul
The Shining One

Annotations:
D:7 2 transporters


Innate Abilities, Weirdness & Mutations

You do not eat or drink.
Your flesh is vulnerable to fire.
You are immune to poison.
Your flesh is cold resistant. (rC+)
You are immune to negative energy. (rN+++)
You are immune to unholy pain and torment.
You can survive without breathing.


Message History

Your chain mail prevents you from hitting the orc priest.
The orc priest is moderately wounded.
Your chain mail prevents you from hitting the hound.
The hound closely misses you. The orc priest closely misses you.
Unknown command.
You closely miss the orc priest.
The orc priest is moderately wounded.
You barely miss the hound. The hound bites you but does no damage.
The orc priest mumbles some strange prayers to Beogh against you.
Beogh smites you!
* * * LOW HITPOINT WARNING * * *
The orc priest looks satisfied for a moment.
The orc priest barely misses you. The hound barely misses you.
Your chain mail prevents you from hitting the orc priest.
The orc priest is moderately wounded.
You miss the hound. The hound bites you but does no damage.
The orc priest hits you but does no damage.
The orc priest mumbles some strange prayers to Beogh against you.
Beogh smites you!
You die...

#######
..$....
......o
.....oh####
#..oo@..#
#######>##
#### #..#
§§§§§ ##.#
####§§§§§
#.#
##..#§§#.#
#.##
#.?©#§§©?.
#..#
#...#§§#.#
##.###...#
#.....###
####...# ##
#######.####
.


You could see a hound and 4 orc priests.

Vanquished Creatures
  Sigmund (D:2)
  2 ice beasts
  2 phantoms
  3 ogres
  A big kobold (D:4)
  4 bullfrogs
  A water moccasin zombie (D:5)
  A wyvern skeleton (D:6)
  A scorpion (D:7)
  3 wights (D:6)
  4 crimson imps
  2 bullfrog skeletons
  5 hounds
  2 centaur zombies
  A human zombie (Ossuary)
  2 orc priests (D:5)
  A jelly (D:7)
  4 orc wizards
  A gnoll shaman (D:6)
  5 worker ants
  2 big kobold zombies (Ossuary)
  A hound skeleton (D:4)
  7 mummies
  A howler monkey skeleton (D:4)
  4 gnolls (D:6)
  8 adders
  2 shadow imps
  An adder skeleton (D:6)
  4 worms
  2 dart slugs
  9 leopard geckos
  18 orcs
  A ball python (D:1)
  6 bats
  7 giant cockroaches
  8 goblins
  13 hobgoblins
  2 jackals (D:4)
  4 quokkas
  9 frilled lizards
  A giant cockroach zombie (D:6)
  A gnoll zombie (Ossuary)
  A hobgoblin zombie (Ossuary)
  A jackal zombie (D:6)
  10 kobolds
  3 kobold zombies
  An orc zombie (D:5)
  28 rats
201 creatures vanquished.

Notes
Turn   | Place    | Note
-------+----------+-------------------------------------------
     0 | D:1      | hilaritas the Mummy Fighter began the quest for the Orb.
     0 | D:1      | Reached XP level 1. HP: 18/18 MP: 1/1
    97 | D:1      | Reached XP level 2. HP: 16/24 MP: 2/2
   334 | D:1      | Reached skill level 2 in Axes
   903 | D:1      | Reached XP level 3. HP: 26/29 MP: 3/3
  1390 | D:2      | Noticed Sigmund
  1398 | D:2      | Killed Sigmund
  1398 | D:2      | Reached skill level 4 in Axes
  1398 | D:2      | Reached XP level 4. HP: 27/36 MP: 4/4
  1398 | D:2      | Reached XP level 5. HP: 31/41 MP: 5/5
  2121 | D:2      | Reached XP level 6. HP: 47/48 MP: 6/6
  2672 | D:3      | You fall through a shaft!
  2867 | D:4      | Reached skill level 5 in Axes
  3244 | D:4      | Reached XP level 7. HP: 16/54 MP: 7/7
  3769 | D:4      | Reached skill level 6 in Axes
  4062 | D:5      | Entered Level 5 of the Dungeon
  4078 | D:5      | Found a shadowy altar of Dithmenos.
  4123 | D:5      | Found a sand-covered staircase.
  4132 | Ossuary  | Entered an ossuary
  4664 | Ossuary  | Reached XP level 8. HP: 54/61 MP: 8/8
  4790 | D:5      | Reached skill level 7 in Axes
  5122 | D:5      | Found an iron altar of Okawaru.
  5122 | D:5      | Found a radiant altar of Vehumet.
  5128 | D:5      | Found a basalt altar of Yredelemnul.
  5131 | D:5      | Found a glowing golden altar of the Shining One.
  5132 | D:5      | Found a shattered altar of Ashenzari.
  5159 | D:5      | Became a worshipper of Warmaster Okawaru
  5636 | D:5      | Reached skill level 1 in Invocations
  6009 | D:6      | Found a burning altar of Makhleb.
  6068 | D:6      | Reached skill level 8 in Axes
  6268 | D:6      | Reached * piety under Okawaru
  6405 | D:6      | Found a staircase to the Ecumenical Temple.
  6713 | D:6      | Reached skill level 5 in Fighting
  6724 | D:6      | Reached XP level 9. HP: 41/68 MP: 10/10
  7112 | D:7      | Found a bloodstained altar of Trog.
  7385 | D:7      | Reached skill level 9 in Axes
  7485 | D:7      | Found a transporter.
  7518 | D:7      | Found an ancient bone altar of Kikubaaqudgha.
  7648 | D:7      | Reached ** piety under Okawaru
  7749 | D:7      | Found a transporter.
  7775 | D:7      | Killed from afar by an orc priest

Skill      XL: |  1  2  3  4  5  6  7  8  9 |
---------------+----------------------------+-----
Axes           | 2 4 5 6 8 9 |  9.2
Shields        | 3 4 |  4.0
Fighting       | 4 5 |  5.3
Invocations    | 1 2 |  2.4
Armour         | |  2.4

Action                   |  1- 3 |  4- 6 |  7- 9 || total
-------------------------+-------+-------+-------++-------
Melee: War axe           |   123 |   191 |   259 ||   573
       Battleaxe         |       |       |   108 ||   108
Invok: Heroism           |       |       |     1 ||     1
  Use: Scroll            |     3 |     8 |     4 ||    15
Armor: Scale mail        |    62 |   106 |    47 ||   215
       Chain mail        |       |       |    98 ||    98
Dodge: Dodged            |    39 |    72 |   107 ||   218
Block: Shield            |    81 |   112 |    95 ||   288
